Workbook
Name Assess_ratio: [1]Calcs!$B$12
Name Assess_ratio: [1]Calcs!$B$12
Name Assess_ratio: #REF!
Name Assess_ratio: #REF!
Name Assess_ratio: '[2]P1P2 Calcs'!$B$12
Name CZ_1: [3]CMU_prices!$D$12
Name CZ_2: [3]CMU_prices!$D$13
Name Discount_Rate: [4]Calcs!$B$8
Name DnPmt: [1]Calcs!$B$3
Name DnPmt: [1]Calcs!$B$3
Name DnPmt: #REF!
Name DnPmt: #REF!
Name DnPmt: '[2]P1P2 Calcs'!$B$3
Name DR: [1]Calcs!$B$7
Name DR: [1]Calcs!$B$7
Name DR: #REF!
Name DR: #REF!
Name DR: '[2]P1P2 Calcs'!$B$7
Name ER: [1]Calcs!$B$6
Name ER: [1]Calcs!$B$6
Name ER: #REF!
Name ER: #REF!
Name ER: '[2]P1P2 Calcs'!$B$6
Name Fuel_Inflation_Rate: [4]Calcs!$B$7
Name Gen.Inflation_Rate: [4]Calcs!$B$6
Name GR: [1]Calcs!$B$5
Name GR: [1]Calcs!$B$5
Name GR: #REF!
Name GR: #REF!
Name GR: '[2]P1P2 Calcs'!$B$5
Name iTax_Rate: [4]Calcs!$B$11
Name iTR: [1]Calcs!$B$10
Name iTR: [1]Calcs!$B$10
Name iTR: #REF!
Name iTR: #REF!
Name iTR: '[2]P1P2 Calcs'!$B$10
Name Maint_frac: [1]Calcs!$B$13
Name Maint_frac: [1]Calcs!$B$13
Name Maint_frac: #REF!
Name Maint_frac: #REF!
Name Maint_frac: '[2]P1P2 Calcs'!$B$13
Name Measure_Life: [1]Calcs!$B$14
Name Measure_Life: [1]Calcs!$B$14
Name Measure_Life: #REF!
Name Measure_Life: #REF!
Name Measure_Life: '[2]P1P2 Calcs'!$B$14
Name Mort_Interest_Rate: [4]Calcs!$B$5
Name MR: [1]Calcs!$B$4
Name MR: [1]Calcs!$B$4
Name MR: #REF!
Name MR: #REF!
Name MR: '[2]P1P2 Calcs'!$B$4
Name N_analysis: [4]Calcs!$B$10
Name N_mortgage: [4]Calcs!$B$9
Name nAP: [1]Calcs!$B$9
Name nAP: [1]Calcs!$B$9
Name nAP: #REF!
Name nAP: #REF!
Name nAP: '[2]P1P2 Calcs'!$B$9
Name net_1sty: '[3]e-Ratio'!#REF!

Sheet 2017 RESNET rates
A1: RESNET Rate Data for 1/2017 - 12/2017
A3: General Inflation Rate (GR) | B3: =ROUND(MAX('CPI-U 2015'!H23:H24),4) -> 0.02
A4: Discount Rate (DR) | B4: =B3+2% -> 0.04
A5: Mortgage Interest Rate (MR) | B5: =ROUND(MAX('CPI-U 2015'!J23:J24),4) -> 0.0486
A6: Down payment Rate (DnPmt) | B6: 0.1
A7: Energy Inflation Rate (ER) | B7: =ROUND(MAX('CPI-U 2015'!F23:F24),4) -> 0.0165

Sheet CPI-U 2015
A1: CPI-U: Housing, Fuels & Utilities Indicies
A2: Year | B2: E.Svcs. | C2: Elec | D2: N.Gas | F2: HHe (1) | H2: CPI (1) | J2: PMMS (2)
A3: 1999 | B3: 120.9 | C3: 126.5 | D3: 113 | F3: 113.5 | H3: 166.6 | J3: 0.0744
A4: 2000 | B4: 128 | C4: 128.5 | D4: 132 | F4: 122.8 | H4: 172.2 | J4: 0.0805
A5: =A4+1 -> 2001 | B5: 142.4 | C5: 137.8 | D5: 158.3 | F5: 135.4 | H5: 177.1 | J5: 0.0697
A6: =A5+1 -> 2002 | B6: 134.4 | C6: 136.2 | D6: 135.3 | F6: 127.2 | H6: 179.9 | J6: 0.0654
A7: =A6+1 -> 2003 | B7: 145 | C7: 139.5 | D7: 166.3 | F7: 138.2 | H7: 184 | J7: 0.0583
A8: =A7+1 -> 2004 | B8: 150.6 | C8: 142.1 | D8: 180.1 | F8: 144.4 | H8: 188.9 | J8: 0.0584
A9: =A8+1 -> 2005 | B9: 166.5 | C9: 150.8 | D9: 215.4 | F9: 161.6 | H9: 195.3 | J9: 0.058658333
A10: =A9+1 -> 2006 | B10: 182.1 | C10: 169.2 | D10: 220.8 | F10: 171.1 | H10: 201.6 | J10: 0.0641
A11: =A10+1 -> 2007 | B11: 186.262 | C11: 175.825 | D11: 217.688 | F11: 181.744 | H11: 207.342 | J11: 0.063425
A12: =A11+1 -> 2008 | B12: 202.212 | C12: 187.146 | D12: 247.803 | F12: 200.808 | H12: 215.303 | J12: 0.0603
A13: =A12+1 -> 2009 | B13: 193.563 | C13: 192.712 | D13: 193.717 | F13: 188.113 | H13: 214.537 | J13: 0.0504
A14: =A13+1 -> 2010 | B14: 192.886 | C14: 193.095 | D14: 198.687 | F14: 189.286 | H14: 218.056 | J14: 0.0469
A15: 2011 | B15: 194.386 | C15: 196.737 | D15: 184.334 | F15: 193.648 | H15: 224.939 | J15: 0.0445
A16: 2012 | B16: 192.065 | C16: 197.6 | D16: 172.756 | F16: 191.483 | H16: 230.979 | J16: 0.0366
A17: 2013 | B17: 196.167 | C17: 203.74 | D17: 171.204 | F17: 195.687 | H17: 234.594 | J17: 0.0398
A18: 2014 | B18: 204.204 | C18: 210.489 | D18: 182.644 | F18: 201.382 | H18: 236.284 | J18: 0.0417
A19: 2015 | B19: 195.166 | C19: 207.836 | D19: 154.523 | F19: 190.425 | H19: 238.041 | J19: 0.0385
A21: Annual Compound Rate (ACR) of Change/Average:
A22: Period | B22: E.Svcs. | C22: Elec | D22: N.Gas | F22: HHe (1) | H22: CPI (1) | J22: PMMS (2)
A23: 2010-2015 | B23: =((B$19/B$14))^(1/(($A19)-($A14)))-1 -> 0.0023529915 | C23: =((C$19/C$14))^(1/(($A19)-($A14)))-1 -> 0.014822177 | D23: =((D$19/D$14))^(1/(($A19)-($A14)))-1 -> -0.049034556 | F23: =((F$19/F$14))^(1/(($A19)-($A14)))-1 -> 0.0012005836 | H23: =((H$19/H$14))^(1/(($A19)-($A14)))-1 -> 0.017692901 | J23: =AVERAGE(J15:J19) -> 0.04022
A24: 2005-2015 | B24: =((B$19/B$9))^(1/(($A19)-($A9)))-1 -> 0.016012363 | C24: =((C$19/C$9))^(1/(($A19)-($A9)))-1 -> 0.032599578 | D24: =((D$19/D$9))^(1/(($A19)-($A9)))-1 -> -0.032669808 | F24: =((F$19/F$9))^(1/(($A19)-($A9)))-1 -> 0.016548867 | H24: =((H$19/H$9))^(1/(($A19)-($A9)))-1 -> 0.019987741 | J24: =AVERAGE(J10:J19) -> 0.0486225
A26: Sources:
A27: (1) | B27: http://www.bls.gov/cpi/cpi_dr.htm | G27: Table 4. (December Details)
A28: (2) | B28: http://www.freddiemac.com/pmms/

Sheet 2014 RESNET rates
A1: RESNET Rate Data for 1/2014 - 12/2014
A3: General Inflation Rate (GR) | B3: =ROUND(MAX('CPI-U 2012'!H21:H22),4) -> 0.0253
A4: Discount Rate (DR) | B4: =B3+2% -> 0.0453
A5: Mortgage Interest Rate (MR) | B5: =ROUND(MAX('CPI-U 2012'!J21:J22),4) -> 0.0542
A6: Down payment Rate (DnPmt) | B6: 0.1
A7: Energy Inflation Rate (ER) | B7: =ROUND(MAX('CPI-U 2012'!F21:F22),4) -> 0.0418

Sheet CPI-U 2012
A1: CPI-U: Housing, Fuels & Utilities Indicies
A2: Year | B2: E.Svcs. | C2: Elec | D2: N.Gas | F2: HHe (1) | H2: CPI (2) | J2: PMMS (3)
A3: 1999 | B3: 120.9 | C3: 126.5 | D3: 113 | F3: 113.5 | H3: 166.6 | J3: 0.0744
A4: 2000 | B4: 128 | C4: 128.5 | D4: 132 | F4: 122.8 | H4: 172.2 | J4: 0.0805
A5: =A4+1 -> 2001 | B5: 142.4 | C5: 137.8 | D5: 158.3 | F5: 135.4 | H5: 177.1 | J5: 0.0697
A6: =A5+1 -> 2002 | B6: 134.4 | C6: 136.2 | D6: 135.3 | F6: 127.2 | H6: 179.9 | J6: 0.0654
A7: =A6+1 -> 2003 | B7: 145 | C7: 139.5 | D7: 166.3 | F7: 138.2 | H7: 184 | J7: 0.0583
A8: =A7+1 -> 2004 | B8: 150.6 | C8: 142.1 | D8: 180.1 | F8: 144.4 | H8: 188.9 | J8: 0.0584
A9: =A8+1 -> 2005 | B9: 166.5 | C9: 150.8 | D9: 215.4 | F9: 161.6 | H9: 195.3 | J9: 0.058658333
A10: =A9+1 -> 2006 | B10: 182.1 | C10: 169.2 | D10: 220.8 | F10: 171.1 | H10: 201.6 | J10: 0.0641
A11: =A10+1 -> 2007 | B11: 186.262 | C11: 175.825 | D11: 217.688 | F11: 181.744 | H11: 207.342 | J11: 0.063425
A12: =A11+1 -> 2008 | B12: 202.212 | C12: 187.146 | D12: 247.803 | F12: 200.808 | H12: 215.303 | J12: 0.0603
A13: =A12+1 -> 2009 | B13: 193.563 | C13: 192.712 | D13: 193.717 | F13: 188.113 | H13: 214.537 | J13: 0.0504
A14: =A13+1 -> 2010 | B14: 192.886 | C14: 193.095 | D14: 198.687 | F14: 189.286 | H14: 218.056 | J14: 0.0469
A15: 2011 | B15: 194.386 | C15: 196.737 | D15: 184.334 | F15: 193.648 | H15: 224.939 | J15: 0.0445
A16: 2012 | B16: 192.065 | C16: 197.6 | D16: 172.756 | F16: 191.483 | H16: 230.979 | J16: 0.0366
A18: Annual Compound Rate (ACR) of Change/Average:
A19: Period | B19: E.Svcs. | C19: Elec | D19: N.Gas | F19: HHe (1) | H19: CPI (2) | J19: PMMS (3)
A20: 2007-2012 | B20: =((B$16/B$11))^(1/(($A16)-($A11)))-1 -> 0.0061547776 | C20: =((C$16/C$11))^(1/(($A16)-($A11)))-1 -> 0.023625893 | D20: =((D$16/D$11))^(1/(($A16)-($A11)))-1 -> -0.045183907 | F20: =((F$16/F$11))^(1/(($A16)-($A11)))-1 -> 0.010494672 | H20: =((H$16/H$11))^(1/(($A16)-($A11)))-1 -> 0.021826221 | J20: =AVERAGE(J12:J16) -> 0.04774
A21: 2002-2012 | B21: =((B$16/B$6))^(1/(($A16)-($A6)))-1 -> 0.036346288 | C21: =((C$16/C$6))^(1/(($A16)-($A6)))-1 -> 0.037913076 | D21: =((D$16/D$6))^(1/(($A16)-($A6)))-1 -> 0.024739635 | F21: =((F$16/F$6))^(1/(($A16)-($A6)))-1 -> 0.041751924 | H21: =((H$16/H$6))^(1/(($A16)-($A6)))-1 -> 0.025307498 | J21: =AVERAGE(J7:J16) -> 0.054158333
A23: Sources:
A24: (1) | B24: http://www.bls.gov/cpi/cpi_dr.htm | G24: Table 4. (December Details)
A25: (2) | B25: ftp://ftp.bls.gov/pub/special.requests/cpi/cpiai.txt
A26: (3) | B26: http://www.freddiemac.com/pmms/

Sheet 2013 RESNET rates
A1: RESNET Rate Data for 1/2013 - 12/2013
A3: General Inflation Rate (GR) | B3: =ROUND(MAX('CPI-U 2011'!H19:H20),4) -> 0.0242
A4: Discount Rate (DR) | B4: =B3+2% -> 0.0442
A5: Mortgage Interest Rate (MR) | B5: =ROUND(MAX('CPI-U 2011'!J19:J20),4) -> 0.057
A6: Down payment Rate (DnPmt) | B6: 0.1
A7: Energy Inflation Rate (ER) | B7: =ROUND(MAX('CPI-U 2011'!F19:F20),4) -> 0.0364

Sheet CPI-U 2011
A1: CPI-U: Housing, Fuels & Utilities Indicies
A2: Year | B2: E.Svcs. | C2: Elec | D2: N.Gas | F2: HHe (1) | H2: CPI (2) | J2: PMMS (3)
A3: 1999 | B3: 120.9 | C3: 126.5 | D3: 113 | F3: 113.5 | H3: 166.6 | J3: 0.0744
A4: 2000 | B4: 128 | C4: 128.5 | D4: 132 | F4: 122.8 | H4: 172.2 | J4: 0.0805
A5: =A4+1 -> 2001 | B5: 142.4 | C5: 137.8 | D5: 158.3 | F5: 135.4 | H5: 177.1 | J5: 0.0697
A6: =A5+1 -> 2002 | B6: 134.4 | C6: 136.2 | D6: 135.3 | F6: 127.2 | H6: 179.9 | J6: 0.0654
A7: =A6+1 -> 2003 | B7: 145 | C7: 139.5 | D7: 166.3 | F7: 138.2 | H7: 184 | J7: 0.0583
A8: =A7+1 -> 2004 | B8: 150.6 | C8: 142.1 | D8: 180.1 | F8: 144.4 | H8: 188.9 | J8: 0.0584
A9: =A8+1 -> 2005 | B9: 166.5 | C9: 150.8 | D9: 215.4 | F9: 161.6 | H9: 195.3 | J9: 0.058658333
A10: =A9+1 -> 2006 | B10: 182.1 | C10: 169.2 | D10: 220.8 | F10: 171.1 | H10: 201.6 | J10: 0.0641
A11: =A10+1 -> 2007 | B11: 186.262 | C11: 175.825 | D11: 217.688 | F11: 181.744 | H11: 207.342 | J11: 0.063425
A12: =A11+1 -> 2008 | B12: 202.212 | C12: 187.146 | D12: 247.803 | F12: 200.808 | H12: 215.303 | J12: 0.0603
A13: =A12+1 -> 2009 | B13: 193.563 | C13: 192.712 | D13: 193.717 | F13: 188.113 | H13: 214.537 | J13: 0.0504
A14: =A13+1 -> 2010 | B14: 192.886 | C14: 193.095 | D14: 198.687 | F14: 189.286 | H14: 218.056 | J14: 0.0469
A15: 2011 | B15: 194.386 | C15: 196.737 | D15: 184.334 | F15: 193.648 | H15: 224.939 | J15: 0.0445
A17: Annual Compound Rate (ACR) of Change/Average:
A18: Period | B18: E.Svcs. | C18: Elec | D18: N.Gas | F18: HHe (1) | H18: CPI (2) | J18: PMMS (3)
A19: 2006-2011 | B19: =((B$15/B$10))^(1/(($A15)-($A10)))-1 -> 0.013143605 | C19: =((C$15/C$10))^(1/(($A15)-($A10)))-1 -> 0.030616609 | D19: =((D$15/D$10))^(1/(($A15)-($A10)))-1 -> -0.035457706 | F19: =((F$15/F$10))^(1/(($A15)-($A10)))-1 -> 0.025067823 | H19: =((H$15/H$10))^(1/(($A15)-($A10)))-1 -> 0.022150502 | J19: =AVERAGE(J11:J15) -> 0.053105
A20: 2001-2011 | B20: =((B$15/B$5))^(1/(($A15)-($A5)))-1 -> 0.031609896 | C20: =((C$15/C$5))^(1/(($A15)-($A5)))-1 -> 0.036247946 | D20: =((D$15/D$5))^(1/(($A15)-($A5)))-1 -> 0.015342238 | F20: =((F$15/F$5))^(1/(($A15)-($A5)))-1 -> 0.036428711 | H20: =((H$15/H$5))^(1/(($A15)-($A5)))-1 -> 0.024199642 | J20: =AVERAGE(J6:J15) -> 0.057038333
A22: Sources:
A23: (1) | B23: http://www.bls.gov/cpi/cpi_dr.htm | G23: Table 3A. (Details)
A24: (2) | B24: ftp://ftp.bls.gov/pub/special.requests/cpi/cpiai.txt
A25: (3) | B25: http://www.freddiemac.com/pmms/

Sheet 2012 RESNET rates
A1: RESNET Rate Data for 1/2012 - 12/2012
A3: General Inflation Rate (GR) | B3: =ROUND(MAX('CPI-U 2010'!H18:H19),4) -> 0.0239
A4: Discount Rate (DR) | B4: =B3+2% -> 0.0439
A5: Mortgage Interest Rate (MR) | B5: =ROUND(MAX('CPI-U 2010'!J18:J19),4) -> 0.0615
A6: Down payment Rate (DnPmt) | B6: 0.1
A7: Energy Inflation Rate (ER) | B7: =ROUND(MAX('CPI-U 2010'!F18:F19),4) -> 0.0442

Sheet CPI-U 2010
A1: CPI-U: Housing, Fuels & Utilities Indicies
A2: Year | B2: E.Svcs. | C2: Elec | D2: N.Gas | F2: HHe (1) | H2: CPI (2) | J2: PMMS (3)
A3: 1999 | B3: 120.9 | C3: 126.5 | D3: 113 | F3: 113.5 | H3: 166.6 | J3: 0.0744
A4: 2000 | B4: 128 | C4: 128.5 | D4: 132 | F4: 122.8 | H4: 172.2 | J4: 0.0805
A5: =A4+1 -> 2001 | B5: 142.4 | C5: 137.8 | D5: 158.3 | F5: 135.4 | H5: 177.1 | J5: 0.0697
A6: =A5+1 -> 2002 | B6: 134.4 | C6: 136.2 | D6: 135.3 | F6: 127.2 | H6: 179.9 | J6: 0.0654
A7: =A6+1 -> 2003 | B7: 145 | C7: 139.5 | D7: 166.3 | F7: 138.2 | H7: 184 | J7: 0.0583
A8: =A7+1 -> 2004 | B8: 150.6 | C8: 142.1 | D8: 180.1 | F8: 144.4 | H8: 188.9 | J8: 0.0584
A9: =A8+1 -> 2005 | B9: 166.5 | C9: 150.8 | D9: 215.4 | F9: 161.6 | H9: 195.3 | J9: 0.058658333
A10: =A9+1 -> 2006 | B10: 182.1 | C10: 169.2 | D10: 220.8 | F10: 171.1 | H10: 201.6 | J10: 0.0641
A11: =A10+1 -> 2007 | B11: 186.262 | C11: 175.825 | D11: 217.688 | F11: 181.744 | H11: 207.342 | J11: 0.063425
A12: =A11+1 -> 2008 | B12: 202.212 | C12: 187.146 | D12: 247.803 | F12: 200.808 | H12: 215.303 | J12: 0.0603
A13: =A12+1 -> 2009 | B13: 193.563 | C13: 192.712 | D13: 193.717 | F13: 188.113 | H13: 214.537 | J13: 0.0504
A14: =A13+1 -> 2010 | B14: 192.886 | C14: 193.095 | D14: 198.687 | F14: 189.286 | H14: 218.056 | J14: 0.0469
A16: Annual Compound Rate (ACR) of Change/Average:
A17: Period | B17: E.Svcs. | C17: Elec | D17: N.Gas | F17: HHe (1) | H17: CPI (2) | J17: PMMS (3)
A18: 2005-2010 | B18: =((B$14/B$9))^(1/(($A$14)-($A$9)))-1 -> 0.029857874 | C18: =((C$14/C$9))^(1/(($A$14)-($A$9)))-1 -> 0.0506884 | D18: =((D$14/D$9))^(1/(($A$14)-($A$9)))-1 -> -0.016023445 | F18: =((F$14/F$9))^(1/(($A$14)-($A$9)))-1 -> 0.032132438 | H18: =((H$14/H$9))^(1/(($A$14)-($A$9)))-1 -> 0.022287757 | J18: =AVERAGE(J9:J14) -> 0.057297222
A19: 2000-2010 | B19: =((B$14/B$4))^(1/(($A$14)-($A$4)))-1 -> 0.041859302 | C19: =((C$14/C$4))^(1/(($A$14)-($A$4)))-1 -> 0.041565989 | D19: =((D$14/D$4))^(1/(($A$14)-($A$4)))-1 -> 0.041740508 | F19: =((F$14/F$4))^(1/(($A$14)-($A$4)))-1 -> 0.044220014 | H19: =((H$14/H$4))^(1/(($A$14)-($A$4)))-1 -> 0.023890443 | J19: =AVERAGE(J4:J14) -> 0.061462121
A21: Sources:
A22: (1) | B22: http://www.bls.gov/cpi/cpi_dr.htm
A23: (2) | B23: ftp://ftp.bls.gov/pub/special.requests/cpi/cpiai.txt
A24: (3) | B24: http://www.freddiemac.com/pmms/
